 Dungeon Crawl Stone Soup version 0.25.0-10-g039870ee82 (webtiles) character file.

Game seed: 17695021073235426416

74 Delamore the Cudgeler (level 4, 0/28 HPs)
             Began as a Gargoyle Fighter on June 23, 2020.
             Killed by divine providence
             ... invoked by an orc priest
              (10 damage)
             ... on level 3 of the Dungeon.
             The game lasted 00:01:20 (2148 turns).

Delamore the Cudgeler (Gargoyle Fighter)            Turns: 2148, Time: 00:01:20

Health: 0/28       AC: 15    Str: 21    XL:     4   Next: 30%
Magic:  4/4        EV:  3    Int:  8    God:
Gold:   170        SH:  9    Dex:  9    Spells: 3/3 levels left

rFire    + . .     SeeInvis .   a - +0 flail
rCold    . . .     Gourm    .   c - +0 kite shield
rNeg     + . .     Faith    .   e - +0 plate armour {rF+}
rPois    ∞         Spirit   .   (no helmet)
rElec    +         Reflect  .   (no cloak)
rCorr    .         Harm     .   (no gloves)
MR       .....                  (no boots)
Stlth    ..........             (no amulet)
HPRegen  0.09/turn              k - ring of poison resistance
MPRegen  0.09/turn              (no ring)

@: no status effects
A: negative energy resistance 1, electricity resistance, unbreathing,
petrification resistance, rot immunity, AC +3
a: no special abilities


You were on level 3 of the Dungeon.
You were not hungry.

You visited 1 branch of the dungeon, and saw 3 of its levels.

You collected 170 gold pieces.

Inventory:

Hand Weapons
 a - a +0 flail (weapon)
Missiles
 g - 15 poisoned darts (quivered)
Armour
 b - a +0 scale mail
 c - a +0 kite shield (worn)
 e - a +0 plate armour of fire resistance (worn)
Jewellery
 k - a ring of poison resistance (left hand)
Wands
 l - a wand of iceblast (11)
Scrolls
 m - 2 scrolls of remove curse {unknown}
 p - a scroll of immolation {unknown}
Potions
 d - a potion of might
 h - 2 potions of cancellation {unknown}
 i - a potion of haste {unknown}
 n - a potion of curing {unknown}
 o - a potion of heal wounds {unknown}
Comestibles
 f - 7 rations
 j - a chunk of flesh


   Skills:
 - Level 3.2 Fighting
 + Level 4.4 Maces & Flails
 - Level 3.2 Armour
 - Level 3.2 Shields


You had 3 spell levels left.
You didn't know any spells.
Your spell library was empty.

Dungeon Overview and Level Annotations

Branches:
Dungeon (3/15)

Altars:
Dithmenos
Elyvilon


Innate Abilities, Weirdness & Mutations

You are resistant to torment.
Your stone body is resilient. (AC +3)
You are immune to poison.
You resist negative energy. (rN+)
You are resistant to electric shocks. (rElec)
You can survive without breathing.
You are immune to petrification.
You are immune to rotting.


Message History

You are too injured to fight recklessly!
You are too injured to fight recklessly!
You are too injured to fight recklessly!
You are too injured to fight recklessly!
You are too injured to fight recklessly!
You are too injured to fight recklessly!
You are too injured to fight recklessly!
You are too injured to fight recklessly!
You are too injured to fight recklessly!
You are too injured to fight recklessly!
You are too injured to fight recklessly!
You are too injured to fight recklessly!
The orc wizard casts a spell.
The orc wizard blinks!
The orc wizard hits you but does no damage.
The orc wizard hits you but does no damage.
The orc wizard looks satisfied for a moment.
The orc priest mumbles some strange prayers to Beogh against you.
Beogh smites you!
You die...

#.# ##### #.# ...#
#.# ####.#######.###
#..............# #
#.##...........####
#.#%##....###........
#<#o##.##.# ##.#.####
#...@<.##.# #.#.#
###.#####.####.#.#
#o# #........#
#..ooo...#####...##
#.##.###.# ##.....##
# #.. ##.......## #..
#.........## ....
+......÷..'. #...
#.........##


You could see an orc priest, 2 orc wizards and an orc.

Vanquished Creatures
  2 adders (D:2)
  An ooze (D:1)
  A worm (D:2)
  3 dart slugs
  A leopard gecko (D:3)
  3 giant cockroaches (D:2)
  A goblin (D:3)
  4 hobgoblins
  2 jackals (D:1)
  2 quokkas
  A ball python (D:3)
  6 bats
  6 frilled lizards
  6 kobolds
  3 rats
42 creatures vanquished.

Notes
Turn   | Place    | Note
-------+----------+-------------------------------------------
     0 | D:1      | Delamore the Gargoyle Fighter began the quest for the Orb.
     0 | D:1      | Reached XP level 1. HP: 14/14 MP: 1/1
   200 | D:1      | Reached XP level 2. HP: 15/19 MP: 2/2
   384 | D:1      | Reached skill level 3 in Maces & Flails
  1018 | D:2      | Reached XP level 3. HP: 23/23 MP: 3/3
  1172 | D:2      | Found a white marble altar of Elyvilon.
  1424 | D:2      | Found a shadowy altar of Dithmenos.
  1501 | D:2      | Reached skill level 4 in Maces & Flails
  1531 | D:2      | Reached XP level 4. HP: 28/28 MP: 4/4
  2148 | D:3      | Killed from afar by an orc priest

Illustrated notes

Levels and vault maps discovered:
D:1:      scummos_arrival_simple_crosswalls, layout_basic
D:2:      layout_basic, lemuel_round_altar, nicolae_dithmenos_shadow_blocks,
          first_ration
D:3:      layout_loops_corners, minmay_misc_feat_doors, uniq_grinder

Skill      XL: |  1  2  3 |
---------------+----------+-----
Maces & Flails | 3 4 |  4.4
Fighting       | |  3.2
Armour         | |  3.2
Shields        | |  3.2

Action                   |  1- 3 |  4- 6 || total
-------------------------+-------+-------++-------
Melee: Flail             |   131 |    64 ||   195
  Eat: Chunk             |     2 |     2 ||     4
Armor: Plate armour      |   118 |    53 ||   171
       Scale mail        |     6 |       ||     6
Dodge: Dodged            |    21 |     8 ||    29
Block: Kite shield       |    82 |    29 ||   111
